 Dungeon Crawl Stone Soup version 0.17-a0-186-g8d083fd (webtiles) character file.

2251 HAL9000 the Changer (level 9, -2/84 HPs)
             Began as a Mottled Draconian Transmuter on Mar 26, 2015.
             Was a Follower of Kikubaaqudgha.
             Slain by a killer bee (3 damage)
             ... on level 8 of the Dungeon.
             The game lasted 00:21:07 (9098 turns).

HAL9000 the Changer (Mottled Draconian Transmuter)  Turns: 9098, Time: 00:21:08

Health: -2/84      AC:  6    Str: 14    XL:     9   Next: 15%
Magic:  8/20       EV: 10    Int: 16    God:    Kikubaaqudgha [*.....]
Gold:   96         SH:  0    Dex: 11    Spells: 4 memorised, 6 levels left

rFire  + . .     SeeInvis .       - Unarmed
rCold  + + +     Clarity  .     (armour unavailable)
rNeg   + . .     SustAb   .     (shield currently unavailable)
rPois  +         Gourm    .     (helmet currently unavailable)
rElec  +         Spirit   .     (cloak currently unavailable)
rCorr  .         Warding  .     (gloves currently unavailable)
rMut   .         Stasis   .     (boots currently unavailable)
MR     .....                    (no amulet)
Stlth  +.........               s - ring of protection from cold
                                A - ring of Sikaysaf {rElec rF++ rN+}

@: lethally poisoned (-2 -> -5), ice-form (expiring), very slightly
contaminated, starving, not resistant to hostile enchantments, very unstealthy
A: (breathe sticky flames), unfitting armour, (cold-blooded), AC +7
a: End Transformation, Receive Corpses, Renounce Religion


You were on level 8 of the Dungeon.
You worshipped Kikubaaqudgha.
Kikubaaqudgha was aware of your devotion.
You were starving.
You were a creature of crystalline ice.
You visited 2 branches of the dungeon, and saw 9 of its levels.

You collected 211 gold pieces.
You spent 115 gold pieces at shops.

Inventory:

Missiles
 b - 102 arrows
 D - 16 arrows of flame
 O - 8 javelins (quivered)
Armour
 u - a +1 buckler (melded)
Jewellery
 q - an uncursed ring of see invisible
 s - a ring of protection from cold (right front paw)
 A - the ring of Sikaysaf (left front paw) {rElec rF++ rN+}
   (You bought it in a shop on level 6 of the Dungeon)

   [ring of positive energy]

   It greatly protects you from fire.
   It insulates you from electricity.
   It protects you from negative energy.
Scrolls
 g - a scroll of remove curse
 l - a scroll of enchant armour
 K - a scroll of identify
 L - a scroll of magic mapping
 M - a scroll of enchant weapon
Potions
 h - a potion of restore abilities
 k - a potion of cure mutation
 z - a potion of curing
 B - a potion of agility
 E - a potion of berserk rage
 N - a potion of might
Books
 d - a book of Changes

   Spells                             Type                      Level
   a - Beastly Appendage              Transmutation                1
   b - Sticks to Snakes               Transmutation                2
   c - Spider Form                    Transmutation/Poison         3
   d - Ice Form                       Ice/Transmutation            4
   e - Blade Hands                    Transmutation                5
 H - Kikubaaqudgha's Compendium of Sinister Arts {god gift}
   (Kikubaaqudgha gifted it to you on level 6 of the Dungeon)

   Spells                             Type                      Level
   a - Pain                           Necromancy                   1
   b - Corpse Rot                     Necromancy                   2
   c - Sublimation of Blood           Necromancy                   2
   d - Vampiric Draining              Necromancy                   3
   e - Control Undead                 Necromancy                   4
Comestibles
 a - 8 bread rations
 p - 2 beef jerkies
 G - 3 fruits
 I - 2 meat rations


   Skills:
 - Level 3.4 Fighting
 - Level 1.7 Dodging
 - Level 5.1 Shields
 - Level 6.6 Unarmed Combat
 + Level 4.2 Spellcasting
 * Level 7.9 Transmutations


You had 6 spell levels left.
You knew the following spells:

 Your Spells              Type           Power        Failure   Level  Hunger
a - Beastly Appendage     Trmt           ####..       1%          1    None
b - Sticks to Snakes      Trmt           ####......   1%          2    ##.....
c - Spider Form           Trmt/Pois      ###.......   12%         3    ###....
d - Ice Form              Ice/Trmt       ###.....     34%         4    ####...


Dungeon Overview and Level Annotations

Branches:
Dungeon (8/15)             Temple (1/1) D:5
   Lair: D:8-11

Altars:
Ashenzari
Cheibriados
Dithmenos
Elyvilon
Fedhas
Gozag
Kikubaaqudgha
Makhleb
Nemelex Xobeh
Okawaru
Qazlal
Ru
Sif Muna
Trog
Vehumet
Xom
Yredelemnul
Zin
The Shining One

Shops:
D:6 *

Annotations:
D:4 Prince Ribbit
D:6 Ijyb


Innate Abilities, Weirdness & Mutations

((You can spit globs of burning liquid.))
((You can ignite nearby creatures when you spit burning liquid.))
((Your weird mottled scales are hard (AC +7).))
Your body does not fit into most forms of armour.
((You are cold-blooded and may be slowed by cold attacks.))


Message History

* * * LOW HITPOINT WARNING * * *
The killer bee stings you.
* * * LOW HITPOINT WARNING * * *
You are lethally poisoned!
The killer bee poisons you!
You climb downwards. 3 orcs, 2 orc wizards and a zombie come into view.
* * * LOW HITPOINT WARNING * * *
You feel sick.
The orc wizard shouts!
The orc shouts!
The orc shouts!
There is a stone staircase leading up here.
You barely miss the killer bee.
The killer bee is heavily wounded.
Your transformation is almost over.
* * * LOW HITPOINT WARNING * * *
You feel sick.
The orc shouts!
The killer bee stings you.
You die...
Kikubaaqudgha rasps: "You have failed me!
Welcome... death!" . ##o##. .ooo#

#.#.#
#.#o##
#Z...###
#......
#...#
#Y# #y#
#.# ...
...
.....
.....
#.....#
...


You could see a killer bee, 2 orc wizards, 3 orcs and a trapdoor spider zombie.

Vanquished Creatures
  The ghost of Tabbe the Fighter, an experienced OgBe of Trog (D:5)
  A hippogriff (D:7)
  A centaur (D:6)
  A wasp (D:6)
  3 ogres
  Blork the orc (D:4)
  A giant frog (D:6)
  2 killer bees (D:7)
  5 wights (D:6)
  A centaur zombie (D:6)
  3 crimson imps
  3 hounds
  A jelly (D:5)
  2 orc priests
  2 orc wizards (D:7)
  Natasha (D:4)
  2 worker ants (D:4)
  A worker ant zombie (D:6)
  8 gnolls
  2 adders
  2 shadow imps
  3 worms
  4 giant geckos
  17 orcs
  A ball python (D:5)
  3 bats (D:2)
  2 giant cockroaches (D:1)
  11 hobgoblins
  2 jackals (D:6)
  12 kobolds
  2 giant newts
  17 goblins
  6 quokkas
  8 rats
  5 ballistomycetes (D:7)
137 creatures vanquished.

Vanquished Creatures (collateral kills)
  A sky beast (D:6)
  A scorpion (D:7)
2 creatures vanquished.

Vanquished Creatures (others)
  4 giant spores
4 creatures vanquished.

Grand Total: 143 creatures vanquished

Notes
Turn   | Place    | Note
--------------------------------------------------------------
     0 | D:1      | HAL9000, the Draconian Transmuter, began the quest for the Orb.
     0 | D:1      | Reached XP level 1. HP: 16/16 MP: 3/3
   210 | D:1      | Reached XP level 2. HP: 17/23 MP: 2/4
   536 | D:1      | Learned a level 2 spell: Sticks to Snakes
  1259 | D:2      | Reached XP level 3. HP: 4/29 MP: 1/6
  2051 | D:3      | Learned a level 3 spell: Spider Form
  2348 | D:3      | Reached XP level 4. HP: 12/36 MP: 3/7
  3065 | D:4      | Reached skill level 1 in Shields
  3138 | D:4      | Noticed Prince Ribbit
  3182 | D:4      | Noticed Blork the orc
  3210 | D:4      | Killed Blork the orc
  3210 | D:4      | Reached skill level 4 in Unarmed Combat
  3210 | D:4      | Reached XP level 5. HP: 36/41 MP: 5/9
  4092 | D:4      | Reached XP level 6. HP: 45/48 MP: 6/10
  4808 | D:4      | Noticed an ogre
  4818 | D:4      | Killed an ogre
  5116 | D:4      | Noticed Natasha
  5126 | D:4      | Killed Natasha
  5126 | D:4      | Reached skill level 5 in Unarmed Combat
  5182 | D:5      | Entered Level 5 of the Dungeon
  5495 | D:5      | Found a staircase to the Ecumenical Temple.
  5507 | Temple   | Entered the Ecumenical Temple
  5681 | Temple   | Became a worshipper of Kikubaaqudgha
  5814 | D:5      | Noticed Tabbe's ghost (experienced OgBe)
  5839 | D:5      | Killed Tabbe's ghost
  5839 | D:5      | Reached skill level 6 in Unarmed Combat
  5839 | D:5      | Reached skill level 5 in Transmutations
  5839 | D:5      | Your scales start taking on a weird mottled pattern.
  5839 | D:5      | Reached XP level 7. HP: 31/55 MP: 12/12
  6138 | D:5      | Reached XP level 8. HP: 58/61 MP: 13/13
  6192 | D:5      | Found a sparkling altar of Nemelex Xobeh.
  6192 | D:5      | Found a basalt altar of Yredelemnul.
  6302 | D:5      | Reached skill level 5 in Shields
  6371 | D:5      | Learned a level 4 spell: Ice Form
  6611 | D:6      | Found a shadowy altar of Dithmenos.
  6611 | D:6      | Found a glowing golden altar of the Shining One.
  6611 | D:6      | Found a shattered altar of Ashenzari.
  6682 | D:6      | Found Moaqihot's Assorted Antiques.
  6691 | D:6      | Bought a translucent platinum ring for 115 gold pieces
  6692 | D:6      | Identified the ring of Sikaysaf {rElec rF++ rN+} (You bought it in a shop on level 6 of the Dungeon)
  7589 | D:6      | Acquired Kikubaaqudgha's first power
  7589 | D:6      | Received a gift from Kikubaaqudgha
  7592 | D:6      | Identified Kikubaaqudgha's Compendium of Sinister Arts {god gift} (Kikubaaqudgha gifted it to you on level 6 of the Dungeon)
  7986 | D:7      | Reached skill level 7 in Transmutations
  8322 | D:7      | Reached XP level 9. HP: 41/70 MP: 14/18
  8345 | D:7      | Noticed Ijyb
  9096 | D:7      | HP: 3/84 [killer bee (5)]
  9098 | D:8      | HP: 1/84 [poisoned by a killer bee]
  9098 | D:8      | Slain by a killer bee

Action                   |  1- 3 |  4- 6 |  7- 9 || total
-------------------------+-------+-------+-------++-------
Melee: Unarmed           |   158 |   225 |   337 ||   720
 Cast: Beastly Appendage |    23 |    12 |    14 ||    49
       Sticks to Snakes  |     2 |     5 |     7 ||    14
       Spider Form       |     1 |    10 |    10 ||    21
       Ice Form          |       |       |     1 ||     1
 Abil: End Transformatio |       |     6 |     5 ||    11
  Use: Scroll            |       |    15 |     6 ||    21
       Potion            |       |     5 |     1 ||     6
 Stab: Sleeping          |     1 |       |       ||     1
       Distracted        |       |       |     1 ||     1
  Eat: Chunk             |     1 |     8 |    10 ||    19
       Meat ration       |     1 |     1 |       ||     2
       Beef jerky        |       |       |     1 ||     1
       Fruit             |       |       |     1 ||     1
